 Dungeon Crawl Stone Soup version 0.29.1-4-g47bece8355 (webtiles) character file.

Game seed: 1455446052936518585

3 ChadusMaximus the Grave Robber (level 1, -1/13 HPs)
             Began as a Mummy Necromancer on Dec 3, 2022.
             Slain by a quokka (4 damage)
             ... on level 1 of the Dungeon.
             The game lasted 00:00:19 (93 turns).

ChadusMaximus the Grave Robber (Mummy Necromancer)    Turns: 93, Time: 00:00:20

Health: -1/13      AC:  2    Str: 11    XL:     1   Next: 41%
Magic:  0/4        EV: 12    Int: 14    God:
Gold:   0          SH:  0    Dex: 12    Spells: 4/5 levels left

rFire   x . .      SeeInvis .   (no weapon)
rCold   + . .      Faith    .   (no shield)
rNeg    + + +      Spirit   .   a - +0 robe
rPois   ∞          Reflect  .   (no helmet)
rElec   .          Harm     .   (no cloak)
rCorr   .          Rampage  .   (no gloves)
Will    .....                   (no boots)
Stlth   ++........              (no amulet)
HPRegen 0.04/turn               (no ring)
MPRegen 0.09/turn               (no ring)

@: no status effects
A: cold resistance 1, negative energy resistance 3, torment resistance 2, heat
vulnerability 1, no potions
a: no special abilities


You were on level 1 of the Dungeon.
You visited 1 branch of the dungeon, and saw 1 of its levels.

Inventory:

Armour
 a - a +0 robe (worn)


   Skills:
 + Level 1.6 Dodging
 + Level 1.6 Stealth
 + Level 2.8 Spellcasting
 + Level 4.0 Necromancy


You had 4 spell levels left.
You knew the following spells:

 Your Spells              Type           Power      Damage    Failure   Level
a - Necrotise             Necr           52%        1d6       4%          1

Your spell library contained the following spells:

 Spells                   Type           Power      Damage    Failure   Level
 Vampiric Draining        Necr           13%        2d6       12%         3
 Ensorcelled Hibernation  Hex/Ice        2%         N/A       32%         2
 Scorch                   Fire           2%         2d5       32%         2
 Animate Dead             Necr           13%        N/A       38%         4
 Anguish                  Hex/Necr       3%         N/A       67%         4
 Flame Wave               Conj/Fire      1%         2d4       91%         4
 Agony                    Necr           13%        N/A       75%         5
 Summon Cactus Giant      Summ           0%         N/A       100%        6
 Spider Form              Tmut/Pois      Unusable   N/A       N/A         3

Dungeon Overview and Level Annotations

Branches:
Dungeon (1/15)

Altars:


Innate Abilities, Weirdness & Mutations

You are immune to poison.
Your flesh is cold resistant. (rC+)
You are immune to negative energy. (rN+++)
You are immune to unholy pain and torment.
You are vulnerable to heat. (rF-)
You do not drink.


Message History

Your goblin skeleton is destroyed!
The hobgoblin shouts!
Casting: Necrotise (safe; 4% risk of failure)
Confirm with . or Enter, or press ? or * to list all spells.
Aiming: Necrotise (safe; 4% risk of failure)
Press: ? - help, Shift-Dir - straight line, f/p - hobgoblin
Aim: a hobgoblin (almost dead, chance to affect: 83%)
The hobgoblin writhes in agony.
You kill the hobgoblin!
The dead are walking!
Your hobgoblin skeleton hits the quokka.
Casting: Necrotise (safe; 4% risk of failure)
Confirm with . or Enter, or press ? or * to list all spells.
Aiming: Necrotise (safe; 4% risk of failure)
Press: ? - help, Shift-Dir - straight line, f - ball python
Aim: a ball python (chance to affect: 83%)
The ball python writhes in agony.
A kobold comes into view. It is wielding a +1 dagger of venom.
The ball python attacks as you move away!
The ball python closely misses you.
The kobold shouts!
The ball python barely misses you. x2
Casting: Necrotise (safe; 4% risk of failure)
Confirm with . or Enter, or press ? or * to list all spells.
Aiming: Necrotise (safe; 4% risk of failure)
Press: ? - help, Shift-Dir - straight line, f/p - ball python
Aim: a ball python (severely wounded, ally target, chance to affect: 83%)
The ball python writhes in agony.
You kill the ball python!
The dead are slithering!
The quokka bites you. The quokka attacks as you move away!
The quokka bites you. The kobold hits you but does no damage.
Your ball python skeleton closely misses the quokka.
Your ball python skeleton grabs the quokka.
Your ball python skeleton constricts the quokka.
The kobold attacks as you move away!
The kobold hits you with a +1 dagger of venom.
* * * LOW HITPOINT WARNING * * *
The quokka bites you.
You die...

#.#. #.# #.# ...##.### #.#
#..#... #.# #.....######.#
#............####
#.............####
##K#.....Z...Z..... #
##..r.#######....###
#.#..@Z##.....##...# #
#.....##.......##.## #
.##.....#.........#.# #
.........#.........#.####
..##...###'###......#.##..
#..##..#..##.....#..!.#
...##...#.>.##.!..#.#.##
.##.#....##.<.#...##.#.#
#.#.....##..#..##..#.#


You could see a quokka (ally target), a kobold and a friendly ball python
skeleton.

Vanquished Creatures
  A goblin (D:1)
  A hobgoblin (D:1)
  A ball python (D:1)
3 creatures vanquished.

Notes
Turn   | Place    | Note
-------+----------+-------------------------------------------
     0 | D:1      | ChadusMaximus the Mummy Necromancer began the quest for the
                  | Orb.
     0 | D:1      | Reached XP level 1. HP: 13/13 MP: 4/4
    93 | D:1      | Slain by a quokka

Illustrated notes

Levels and vault maps discovered:
D:1:      co_arrival_two_rings, layout_basic, ebering_ecumenical_altar_webs,
          chequers_serial_rivers_micro_e

Action                   || total
-------------------------++-------
Melee: Unarmed           ||     4
 Cast: Necrotise         ||     6
Armor: Robe              ||     1
Dodge: Dodged            ||     7
